 Dungeon Crawl Stone Soup version 0.22-a0-469-gf26638a (webtiles) character file.

51 protoss039 the Firebug (level 3, -4/19 HPs)
             Began as a Deep Elf Fire Elementalist on June 11, 2018.
             Killed from afar by Sigmund (12 damage)
             ... with a puff of flame
             ... on level 2 of the Dungeon.
             The game lasted 00:08:02 (1548 turns).

protoss039 the Firebug (Deep Elf Fire Elementalist) Turns: 1548, Time: 00:08:03

Health: -4/19      AC:  2    Str:  5    XL:     3   Next: 58%
Magic:  3/9        EV: 15    Int: 20    God:
Gold:   104        SH:  0    Dex: 15    Spells: 2/8 levels left

rFire    . . .     SeeInvis .   d - +0 dagger
rCold    . . .     Gourm    .   (no shield)
rNeg     . . .     Faith    .   a - +0 robe
rPois    .         Spirit   .   (no helmet)
rElec    .         Reflect  .   (no cloak)
rCorr    .         Harm     .   (no gloves)
MR       .....                  (no boots)
Stlth    ++........             (no amulet)
HPRegen  0.06/turn              h - +2 ring of evasion
MPRegen  0.11/turn              (no ring)

@: no status effects
A: no striking features
a: no special abilities


You were on level 2 of the Dungeon.
You were not hungry.

You visited 1 branch of the dungeon, and saw 2 of its levels.

You collected 104 gold pieces.

Inventory:

Hand Weapons
 d - a +0 dagger (weapon)
Armour
 a - a +0 robe (worn)
Jewellery
 h - a +2 ring of evasion (left hand)
 n - an uncursed ring of ice
Scrolls
 e - a scroll of remove curse {unknown}
 g - a scroll of magic mapping {unknown}
 l - 4 scrolls of teleportation {unknown}
 m - a scroll of noise {unknown}
Potions
 b - a potion of curing {unknown}
 f - a potion of flight {unknown}
 i - a potion of heal wounds {unknown}
 k - 2 potions of brilliance {unknown}
Comestibles
 c - 5 rations


   Skills:
 - Level 2.4 Dodging
 - Level 2.4 Stealth
 - Level 3.0 Spellcasting
 - Level 1.1 Conjurations
 + Level 5.1 Fire Magic


You had 2 spell levels left.
You knew the following spells:

 Your Spells              Type           Power        Failure   Level  Hunger
a - Flame Tongue          Conj/Fire      ###..        4%          1    None
b - Throw Flame           Conj/Fire      ###...       6%          2    ##.....
c - Conjure Flame         Conj/Fire      ###.....     12%         3    ###....

Your spell library contained the following spells:

 Spells                   Type           Power        Failure   Level  Hunger
 Fireball                 Conj/Fire      ###.......   73%         5    ######.
 Sticky Flame             Conj/Fire      ###.....     36%         4    ####...
 Inner Flame              Hex/Fire       ##......     16%         3    ###....


Dungeon Overview and Level Annotations

Branches:
Dungeon (2/15)

Altars:

Annotations:
D:2 Sigmund


Message History

Casting: Conjure Flame (safe; 12% risk of failure)
Confirm with . or Enter, or press ? or * to list all spells.
You don't have enough magic to cast that spell.
Casting: Conjure Flame (safe; 12% risk of failure)
Confirm with . or Enter, or press ? or * to list all spells.
You don't have enough magic to cast that spell.
Casting: Conjure Flame (safe; 12% risk of failure)
Confirm with . or Enter, or press ? or * to list all spells.
You don't have enough magic to cast that spell.
A magic dart appears from out of thin air!
The magic dart hits you!
You open the door.
There is an open door here.
You close the door.
All of the chunks of flesh in your inventory have rotted away.
Something unseen opens the door.
A puff of flame appears from out of thin air!
The puff of flame hits you!
Ouch! That really hurt!
You die...

...........##############
#.............{.........>.
...####'##'######.######.#
...##......{....#.#.. ..#
...##....###....#.#.# #..#
...##.....#.....#.#.##...###
...##.....#.#...#...........
#...###.#...#...#...#.#.#.##
#+#.# #....###..@.#.........
....###...........#(#.#.#...
.....##........(..#.........
.....##...........#.#.#.#...
..................#.........
......#.#......(..#.#.##....
...........######.#.#.##....
......#.#..# #.#<.......
#.###......# #.#)####...


There were no monsters in sight!

Vanquished Creatures
  An ooze (D:2)
  A dart slug (D:1)
  3 leopard geckos (D:1)
  3 giant cockroaches
  4 goblins (D:1)
  5 hobgoblins
  A jackal (D:2)
  5 kobolds
  7 bats
  7 frilled lizards
  3 rats (D:1)
40 creatures vanquished.

Notes
Turn   | Place    | Note
-------+----------+-------------------------------------------
     0 | D:1      | protoss039 the Deep Elf Fire Elementalist began the quest for the Orb.
     0 | D:1      | Reached XP level 1. HP: 10/10 MP: 6/6
   143 | D:1      | Reached XP level 2. HP: 15/15 MP: 2/8
   207 | D:1      | Reached skill level 4 in Fire Magic
   636 | D:1      | Learned a level 2 spell: Throw Flame
   885 | D:1      | Reached XP level 3. HP: 19/19 MP: 6/9
   933 | D:2      | Learned a level 3 spell: Conjure Flame
  1038 | D:2      | Noticed Sigmund
  1227 | D:2      | Reached skill level 5 in Fire Magic
  1548 | D:2      | Killed from afar by Sigmund

Vault maps used:
D:1:      lemuel_arrival_tunnels, minmay_misc_feat_secret_circle
D:2:      serial_glass, glass_columns_a, glass_columns_c, glass_columns_c,
          glass_columns_c, glass_columns_c, glass_columns_c, glass_columns_b,
          glass_columns_b, item_on_display_a, first_ration, minmay_pentomino_t2,
          uniq_sigmund

Skill      XL: |  1  2  3 |
---------------+----------+-----
Fire Magic     | 4 5 |  5.1
Dodging        | |  2.4
Stealth        | |  2.4
Spellcasting   | |  3.0
Conjurations   | |  1.1

Action                   || total
-------------------------++-------
Melee: Dagger            ||    14
 Cast: Flame Tongue      ||    35
       Throw Flame       ||    21
       Conjure Flame     ||     3
 Stab: Sleeping          ||     1
  Eat: Chunk             ||     3
Armor: Robe              ||     9
Dodge: Dodged            ||    26

Table legend:
 A = Spawn XP
 B = Non-spawn XP
 C = Spawn XP percentage of total XP
 D = Spawn monster count
 E = Non-spawn monster count
 F = Spawn count percentage of total count
 G = Total turns spent on level
                    A         B        C        D         E        F      G
               +---------+---------+-------+---------+---------+-------+---------
         Total |       0 |      74 |   0.0 |       0 |      40 |   0.0 |  1548
               +---------+---------+-------+---------+---------+-------+---------
           D:1 |       0 |      42 |   0.0 |       0 |      23 |   0.0 |  1003
           D:2 |       0 |      32 |   0.0 |       0 |      17 |   0.0 |   545
               +---------+---------+-------+---------+---------+-------+---------
